[ AOE2 MATCH · #463056986 ]
Team RMKhitans vs Tupi
[ REPLAY ANALYSIS · EXTRACTED FROM THE RECORDED GAME ]
Feudal
11:33
Castle
24:02
Imperial
36:47
| APM avg | 40.3 |
| APM peak | 95 |
| eAPM avg | 24.0 |
| Villagers / military | 130 / 362 |
Focus
⚔️ 47.5% · 🌾 52.5%
Skirmisher ×334 · Unknown (1920) ×31 · Spearman ×19 · Fire Lancer ×6 · Militia ×2 · Trebuchet (Packed) ×1
Feudal
9:56
Castle
21:16
Imperial
33:56
| APM avg | 44.5 |
| APM peak | 90 |
| eAPM avg | 27.3 |
| Villagers / military | 167 / 175 |
Focus
⚔️ 39.3% · 🌾 60.7%
Archer ×83 · Trade Cart ×52 · Mangonel ×49 · Skirmisher ×19 · Bombard Cannon ×18 · Spearman ×4
Feudal
9:22
Castle
20:18
Imperial
36:25
| APM avg | 37.9 |
| APM peak | 85 |
| eAPM avg | 18.0 |
| Villagers / military | 112 / 253 |
Focus
⚔️ 46.8% · 🌾 53.2%
Skirmisher ×185 · Fire Lancer ×25 · Bombard Cannon ×19 · Archer ×15 · Trade Cart ×8 · Mangonel ×6
Feudal
9:57
Castle
22:04
Imperial
39:30
| APM avg | 44.1 |
| APM peak | 88 |
| eAPM avg | 27.9 |
| Villagers / military | 165 / 634 |
Focus
⚔️ 61.6% · 🌾 38.4%
Scout Cavalry ×491 · Camel Scout ×122 · Unknown (1920) ×61 · Monk ×9 · Trade Cart ×9 · Steppe Lancer ×7
Feudal
8:55
Castle
22:15
Imperial
35:41
| APM avg | 57.7 |
| APM peak | 123 |
| eAPM avg | 27.6 |
| Villagers / military | 191 / 102 |
Focus
⚔️ 43.3% · 🌾 56.7%
Unknown (2579) ×333 · Archer ×58 · Battering Ram ×24 · Mangonel ×16 · Trebuchet (Packed) ×3 · Spearman ×1
Feudal
9:17
Castle
23:24
Imperial
36:13
| APM avg | 62.8 |
| APM peak | 104 |
| eAPM avg | 25.4 |
| Villagers / military | 120 / 360 |
Focus
⚔️ 43.7% · 🌾 56.3%
Monaspa ×269 · Knight ×45 · Scout Cavalry ×39 · Trade Cart ×28 · Monk ×4 · Militia ×3
Match map
Initial resources + every placement click. Lines = walls · curves = elevation contours. ◆ gold · ⬟ stone · ● berries · ✦ relic · ◌ wall gap
Your base· ✓ Closed at 24:02 · 22t walls · 1 gate(s)
OdinsProphet's base· ✓ Closed at 21:16 · 36t walls · 1 gate(s)
NJ's base· ✓ Closed at 20:18 · 34t walls · no gate
[AnnD] weaponizednostalgia's base· ✓ Closed at 22:04 · 32t walls · 2 gate(s)
BeardedMedusa's base· ✓ Closed at 22:15 · 32t walls · 1 gate(s)
Ry4n's base· ✓ Closed at 23:24 · 0t walls · no gate
Smoothed initial terrain · ◌ = detected wall gap · hover for details
Inputs per minute
— [FESEEE]_ZéGotinha - - OdinsProphet
Build order — [FESEEE]_ZéGotinha
First 150 of 710 actions detected
| 0:08 | Create | Villager (Male) |
| 0:08 | Create | Villager (Male) |
| 0:08 | Create | Villager (Male) |
| 0:08 | Create | Villager (Male) |
| 0:11 | Build | House |
| 0:12 | Build | House |
| 0:57 | Build | House |
| 1:35 | Build | Lumber Camp |
| 1:59 | Create | Villager (Male) |
| 2:15 | Build | Lumber Camp |
| 2:17 | Create | Villager (Male) |
| 2:17 | Create | Villager (Male) |
| 3:02 | Create | Villager (Male) |
| 3:03 | Create | Villager (Male) |
| 3:11 | Research | Loom |
| 3:13 | Create | Villager (Male) |
| 3:24 | Create | Villager (Male) |
| 4:05 | Create | Villager (Male) |
| 4:05 | Create | Villager (Male) |
| 4:49 | Build | House |
| 5:05 | Create | Villager (Male) |
| 5:05 | Create | Villager (Male) |
| 5:15 | Build | Mill |
| 5:42 | Create | Villager (Male) |
| 5:42 | Create | Villager (Male) |
| 5:45 | Create | Villager (Male) |
| 5:45 | Create | Villager (Male) |
| 7:04 | Create | Villager (Male) |
| 7:06 | Create | Villager (Male) |
| 7:23 | Build | Barracks |
| 7:53 | Build | House |
| 8:17 | Create | Villager (Male) |
| 8:19 | Create | Villager (Male) |
| 8:27 | Build | House |
| 8:37 | Build | Palisade Wall |
| 8:39 | Build | Palisade Wall |
| 8:42 | Build | Palisade Wall |
| 9:20 | Create | Villager (Male) |
| 9:23 | Research | Feudal Age |
| 9:36 | Build | Mining Camp |
| 9:54 | Build | House |
| 9:55 | Build | House |
| 9:59 | Build | House |
| 10:00 | Build | House |
| 10:04 | Build | Palisade Gate |
| 10:38 | Build | Pasture |
| 10:54 | Build | House |
| 10:55 | Build | House |
| 11:02 | Build | Palisade Wall |
| 11:33 | Age | Feudal Age |
| 11:45 | Build | Blacksmith |
| 11:51 | Create | Villager (Male) |
| 11:54 | Create | Villager (Male) |
| 12:04 | Build | Pasture |
| 12:23 | Create | Villager (Male) |
| 12:35 | Build | Pasture |
| 12:48 | Research | Double-Bit Axe |
| 12:49 | Create | Villager (Male) |
| 13:30 | Build | Archery Range |
| 13:41 | Create | Villager (Male) |
| 13:50 | Create | Villager (Male) |
| 14:09 | Build | Pasture |
| 14:25 | Build | Archery Range |
| 14:30 | Create | Villager (Male) |
| 14:35 | Create | Skirmisher |
| 14:36 | Create | Skirmisher |
| 14:43 | Create | Skirmisher |
| 14:45 | Create | Villager (Male) |
| 15:02 | Create | Villager (Male) |
| 15:09 | Build | Pasture |
| 15:15 | Create | Skirmisher |
| 15:15 | Create | Skirmisher |
| 15:21 | Create | Skirmisher |
| 15:33 | Create | Skirmisher |
| 15:33 | Create | Skirmisher |
| 15:33 | Create | Skirmisher |
| 15:35 | Create | Villager (Male) |
| 15:36 | Create | Villager (Male) |
| 15:55 | Research | Padded Archer Armor |
| 15:59 | Create | Skirmisher |
| 16:00 | Create | Skirmisher |
| 16:11 | Research | Fletching |
| 16:12 | Create | Villager (Male) |
| 16:36 | Create | Villager (Male) |
| 16:42 | Create | Skirmisher |
| 16:42 | Create | Skirmisher |
| 16:42 | Create | Skirmisher |
| 16:42 | Create | Skirmisher |
| 16:49 | Build | Market |
| 17:12 | Create | Skirmisher |
| 17:12 | Create | Skirmisher |
| 17:12 | Create | Skirmisher |
| 17:34 | Build | House |
| 17:42 | Create | Skirmisher |
| 17:42 | Create | Skirmisher |
| 17:57 | Create | Villager (Male) |
| 18:04 | Create | Skirmisher |
| 18:22 | Build | Pasture |
| 18:38 | Create | Skirmisher |
| 18:39 | Create | Villager (Male) |
| 18:44 | Create | Villager (Male) |
| 18:51 | Build | Pasture |
| 18:57 | Create | Skirmisher |
| 19:04 | Create | Villager (Male) |
| 20:39 | Build | Pasture |
| 21:22 | Research | Castle Age |
| 22:53 | Create | Skirmisher |
| 22:53 | Create | Skirmisher |
| 22:54 | Create | Skirmisher |
| 22:54 | Create | Skirmisher |
| 23:06 | Research | Tech 1014 |
| 23:15 | Create | Skirmisher |
| 23:15 | Create | Skirmisher |
| 23:16 | Create | Skirmisher |
| 23:16 | Create | Skirmisher |
| 23:39 | Create | Skirmisher |
| 23:39 | Create | Skirmisher |
| 23:40 | Create | Skirmisher |
| 24:02 | Create | Skirmisher |
| 24:02 | Create | Skirmisher |
| 24:02 | Create | Skirmisher |
| 24:02 | Age | Castle Age |
| 24:10 | Build | House |
| 24:11 | Build | House |
| 24:12 | Build | House |
| 24:14 | Build | House |
| 24:15 | Build | House |
| 24:17 | Build | House |
| 24:22 | Create | Villager (Male) |
| 24:26 | Build | Town Center |
| 24:33 | Research | Elite Skirmisher (upgrade) |
| 24:38 | Create | Villager (Male) |
| 24:38 | Create | Villager (Male) |
| 24:43 | Create | Villager (Male) |
| 24:52 | Build | House |
| 24:55 | Build | House |
| 24:56 | Build | House |
| 24:56 | Build | House |
| 25:10 | Research | Leather Archer Armor |
| 25:11 | Research | Bodkin Arrow |
| 25:16 | Create | Skirmisher |
| 25:16 | Create | Skirmisher |
| 25:16 | Create | Skirmisher |
| 25:16 | Create | Skirmisher |
| 25:16 | Create | Skirmisher |
| 25:36 | Research | Bow Saw |
| 25:58 | Create | Villager (Male) |
| 25:58 | Create | Villager (Male) |
| 25:59 | Create | Villager (Male) |
| 26:06 | Create | Villager (Male) |
Build order — OdinsProphet
First 150 of 626 actions detected
| 0:01 | Create | Villager (Male) |
| 0:01 | Create | Villager (Male) |
| 0:02 | Create | Villager (Male) |
| 0:02 | Create | Villager (Male) |
| 0:02 | Create | Villager (Male) |
| 0:03 | Build | House |
| 0:05 | Build | House |
| 1:17 | Create | Villager (Male) |
| 1:31 | Build | Lumber Camp |
| 2:20 | Create | Villager (Male) |
| 2:20 | Create | Villager (Male) |
| 2:31 | Create | Villager (Male) |
| 2:47 | Create | Villager (Male) |
| 3:08 | Build | House |
| 3:16 | Create | Villager (Male) |
| 3:48 | Create | Villager (Male) |
| 3:48 | Create | Villager (Male) |
| 4:05 | Build | House |
| 4:51 | Create | Villager (Male) |
| 4:51 | Create | Villager (Male) |
| 4:51 | Create | Villager (Male) |
| 5:01 | Build | Mill |
| 5:23 | Create | Villager (Male) |
| 5:25 | Create | Villager (Male) |
| 5:25 | Create | Villager (Male) |
| 5:26 | Create | Villager (Male) |
| 5:34 | Build | Palisade Wall |
| 5:37 | Build | Palisade Wall |
| 5:46 | Create | Villager (Male) |
| 5:46 | Create | Villager (Male) |
| 6:07 | Create | Villager (Male) |
| 6:43 | Build | Mill |
| 6:46 | Research | Loom |
| 7:06 | Build | Mining Camp |
| 7:34 | Research | Feudal Age |
| 8:33 | Build | Barracks |
| 8:36 | Build | Palisade Wall |
| 8:42 | Build | Palisade Wall |
| 9:02 | Create | Villager (Male) |
| 9:02 | Create | Villager (Male) |
| 9:37 | Build | Palisade Wall |
| 9:56 | Age | Feudal Age |
| 9:59 | Build | Archery Range |
| 10:16 | Build | Mill |
| 10:40 | Create | Archer |
| 10:41 | Create | Archer |
| 10:55 | Create | Villager (Male) |
| 11:03 | Build | House |
| 11:05 | Build | House |
| 11:06 | Build | Palisade Wall |
| 11:22 | Build | Blacksmith |
| 11:30 | Create | Spearman |
| 11:31 | Create | Villager (Male) |
| 11:31 | Create | Villager (Male) |
| 12:14 | Create | Archer |
| 12:15 | Create | Archer |
| 12:17 | Research | Fletching |
| 12:18 | Create | Villager (Male) |
| 12:23 | Build | Farm |
| 12:28 | Build | Farm |
| 12:37 | Build | Palisade Gate |
| 12:38 | Build | Palisade Wall |
| 12:40 | Create | Villager (Male) |
| 12:53 | Create | Spearman |
| 13:07 | Build | Farm |
| 13:09 | Create | Villager (Male) |
| 13:14 | Research | Horse Collar |
| 13:24 | Build | Farm |
| 13:32 | Build | House |
| 13:39 | Build | House |
| 13:41 | Build | Palisade Wall |
| 13:44 | Create | Villager (Male) |
| 14:00 | Build | House |
| 14:08 | Build | Farm |
| 14:10 | Create | Villager (Male) |
| 14:20 | Create | Archer |
| 14:22 | Create | Villager (Male) |
| 14:26 | Build | Farm |
| 14:38 | Create | Archer |
| 14:44 | Create | Villager (Male) |
| 14:48 | Build | Farm |
| 15:06 | Create | Villager (Male) |
| 15:07 | Create | Villager (Male) |
| 15:09 | Build | Farm |
| 15:13 | Create | Villager (Male) |
| 15:17 | Research | Double-Bit Axe |
| 15:54 | Create | Villager (Male) |
| 15:55 | Create | Villager (Male) |
| 15:57 | Build | Farm |
| 16:00 | Build | Farm |
| 16:04 | Build | Farm |
| 16:12 | Build | House |
| 16:33 | Build | Lumber Camp |
| 16:50 | Build | Palisade Wall |
| 16:55 | Create | Villager (Male) |
| 16:56 | Create | Villager (Male) |
| 17:33 | Create | Villager (Male) |
| 17:33 | Create | Villager (Male) |
| 17:40 | Build | House |
| 17:48 | Build | House |
| 17:49 | Build | Palisade Wall |
| 17:54 | Build | Palisade Wall |
| 18:00 | Build | Market |
| 18:05 | Build | Farm |
| 18:08 | Create | Villager (Male) |
| 18:33 | Research | Castle Age |
| 18:48 | Research | Gold Mining |
| 18:59 | Build | Farm |
| 19:11 | Build | Farm |
| 19:18 | Create | Archer |
| 19:18 | Create | Archer |
| 19:53 | Research | Town Watch |
| 20:01 | Research | Wheelbarrow |
| 20:06 | Create | Archer |
| 20:07 | Create | Archer |
| 20:10 | Build | Archery Range |
| 20:16 | Research | Padded Archer Armor |
| 20:25 | Build | Farm |
| 20:28 | Build | Farm |
| 20:32 | Build | Farm |
| 20:36 | Create | Archer |
| 21:16 | Age | Castle Age |
| 21:19 | Build | Siege Workshop |
| 21:25 | Research | Crossbowman (upgrade) |
| 21:26 | Research | Bodkin Arrow |
| 21:30 | Create | Villager (Male) |
| 21:38 | Build | Town Center |
| 21:44 | Create | Villager (Male) |
| 21:47 | Create | Archer |
| 21:52 | Create | Archer |
| 22:10 | Create | Mangonel |
| 22:12 | Create | Villager (Male) |
| 22:23 | Research | Bow Saw |
| 22:34 | Create | Villager (Male) |
| 22:40 | Create | Archer |
| 22:42 | Create | Spearman |
| 22:43 | Create | Spearman |
| 22:45 | Create | Villager (Male) |
| 22:46 | Create | Archer |
| 23:17 | Create | Archer |
| 23:17 | Create | Archer |
| 23:19 | Create | Villager (Male) |
| 23:20 | Create | Villager (Male) |
| 23:22 | Research | Heavy Plow |
| 23:46 | Create | Mangonel |
| 23:58 | Create | Villager (Male) |
| 24:01 | Create | Villager (Male) |
| 24:20 | Build | House |
| 24:22 | Build | House |
| 24:24 | Create | Villager (Male) |
Build order — NJ
First 150 of 535 actions detected
| 0:00 | Create | Villager (Male) |
| 0:00 | Create | Villager (Male) |
| 0:01 | Create | Villager (Male) |
| 0:01 | Create | Villager (Male) |
| 0:02 | Build | House |
| 0:05 | Build | House |
| 1:24 | Create | Villager (Male) |
| 1:48 | Build | Lumber Camp |
| 2:04 | Create | Villager (Male) |
| 2:16 | Create | Villager (Male) |
| 2:46 | Create | Villager (Male) |
| 3:02 | Create | Villager (Male) |
| 3:35 | Create | Villager (Male) |
| 3:49 | Build | House |
| 3:56 | Build | Palisade Wall |
| 4:02 | Create | Villager (Male) |
| 4:40 | Create | Villager (Male) |
| 4:40 | Create | Villager (Male) |
| 4:40 | Create | Villager (Male) |
| 5:12 | Create | Villager (Male) |
| 5:20 | Build | House |
| 5:29 | Build | Mill |
| 5:31 | Create | Villager (Male) |
| 5:44 | Build | Palisade Wall |
| 6:16 | Build | House |
| 6:19 | Build | Palisade Wall |
| 6:25 | Research | Loom |
| 6:55 | Build | Palisade Wall |
| 7:12 | Research | Feudal Age |
| 7:26 | Build | House |
| 7:34 | Build | Palisade Wall |
| 7:55 | Build | House |
| 8:32 | Create | Villager (Male) |
| 8:32 | Create | Villager (Male) |
| 8:38 | Create | Villager (Male) |
| 8:44 | Build | Barracks |
| 8:46 | Build | Palisade Wall |
| 9:03 | Build | Palisade Wall |
| 9:05 | Build | House |
| 9:22 | Age | Feudal Age |
| 9:40 | Research | Double-Bit Axe |
| 9:46 | Build | Mining Camp |
| 10:23 | Build | Archery Range |
| 10:38 | Create | Villager (Male) |
| 10:42 | Build | Farm |
| 10:46 | Build | Farm |
| 11:02 | Create | Villager (Male) |
| 11:07 | Build | Farm |
| 11:17 | Create | Villager (Male) |
| 11:32 | Build | Farm |
| 11:39 | Create | Villager (Male) |
| 11:53 | Create | Villager (Male) |
| 11:58 | Build | Blacksmith |
| 12:00 | Build | House |
| 12:20 | Create | Villager (Male) |
| 12:38 | Build | Farm |
| 12:40 | Create | Villager (Male) |
| 12:48 | Build | Farm |
| 12:57 | Build | Palisade Wall |
| 13:01 | Create | Archer |
| 13:02 | Create | Archer |
| 13:04 | Research | Fletching |
| 13:15 | Create | Villager (Male) |
| 13:20 | Build | Farm |
| 13:26 | Create | Skirmisher |
| 13:32 | Build | Farm |
| 13:37 | Create | Villager (Male) |
| 13:45 | Build | Farm |
| 13:59 | Build | Farm |
| 14:02 | Create | Villager (Male) |
| 14:11 | Create | Skirmisher |
| 14:18 | Create | Skirmisher |
| 14:36 | Create | Skirmisher |
| 15:03 | Create | Skirmisher |
| 15:03 | Create | Skirmisher |
| 15:31 | Create | Archer |
| 15:35 | Build | Farm |
| 15:36 | Build | Farm |
| 15:39 | Build | Farm |
| 15:40 | Build | Farm |
| 15:49 | Build | Farm |
| 16:23 | Create | Villager (Male) |
| 16:24 | Create | Villager (Male) |
| 16:24 | Create | Villager (Male) |
| 16:28 | Build | Farm |
| 16:29 | Build | Farm |
| 16:51 | Build | Archery Range |
| 17:22 | Research | Castle Age |
| 17:49 | Research | Gold Mining |
| 17:54 | Create | Archer |
| 18:15 | Create | Archer |
| 18:42 | Create | Archer |
| 18:46 | Research | Horse Collar |
| 18:52 | Create | Archer |
| 18:52 | Create | Archer |
| 19:15 | Create | Archer |
| 19:29 | Create | Archer |
| 19:48 | Build | House |
| 19:49 | Build | House |
| 19:52 | Create | Archer |
| 19:59 | Create | Villager (Male) |
| 20:18 | Age | Castle Age |
| 20:24 | Create | Fire Lancer |
| 20:24 | Create | Fire Lancer |
| 20:30 | Create | Villager (Male) |
| 20:39 | Build | Town Center |
| 20:51 | Create | Villager (Male) |
| 20:51 | Create | Villager (Male) |
| 20:59 | Research | Elite Skirmisher (upgrade) |
| 21:01 | Create | Skirmisher |
| 21:01 | Create | Skirmisher |
| 21:17 | Research | Padded Archer Armor |
| 21:20 | Create | Villager (Male) |
| 21:22 | Create | Skirmisher |
| 21:22 | Create | Skirmisher |
| 21:40 | Create | Villager (Male) |
| 21:48 | Research | Bodkin Arrow |
| 21:49 | Create | Skirmisher |
| 21:49 | Create | Skirmisher |
| 22:00 | Create | Villager (Male) |
| 22:18 | Build | House |
| 22:20 | Build | House |
| 22:27 | Create | Archer |
| 22:27 | Create | Archer |
| 22:32 | Create | Fire Lancer |
| 22:36 | Create | Skirmisher |
| 22:40 | Research | Scale Mail Armor |
| 22:43 | Create | Skirmisher |
| 22:45 | Create | Villager (Male) |
| 22:45 | Create | Villager (Male) |
| 22:45 | Create | Villager (Male) |
| 22:56 | Create | Villager (Male) |
| 22:58 | Research | Wheelbarrow |
| 23:07 | Create | Villager (Male) |
| 23:27 | Create | Fire Lancer |
| 23:27 | Create | Fire Lancer |
| 23:29 | Create | Villager (Male) |
| 23:29 | Create | Villager (Male) |
| 23:58 | Create | Villager (Male) |
| 24:06 | Build | Siege Workshop |
| 24:09 | Create | Villager (Male) |
| 24:12 | Create | Villager (Male) |
| 24:27 | Create | Villager (Male) |
| 24:32 | Build | House |
| 24:32 | Build | House |
| 24:34 | Build | House |
| 25:12 | Create | Mangonel |
| 25:13 | Create | Villager (Male) |
| 25:16 | Build | Farm |
| 25:17 | Build | Farm |
Build order — [AnnD] weaponizednostalgia
First 150 of 1059 actions detected
| 0:01 | Create | Villager (Male) |
| 0:01 | Create | Villager (Male) |
| 0:02 | Create | Villager (Male) |
| 0:02 | Create | Villager (Male) |
| 0:02 | Create | Villager (Male) |
| 0:05 | Build | House |
| 0:07 | Build | House |
| 1:43 | Create | Villager (Male) |
| 1:44 | Create | Villager (Male) |
| 1:49 | Build | Lumber Camp |
| 2:11 | Create | Villager (Male) |
| 2:28 | Create | Villager (Male) |
| 2:28 | Create | Villager (Male) |
| 2:41 | Build | House |
| 2:44 | Build | House |
| 2:52 | Create | Villager (Male) |
| 2:52 | Create | Villager (Male) |
| 3:21 | Create | Villager (Male) |
| 4:02 | Create | Villager (Male) |
| 4:02 | Create | Villager (Male) |
| 4:03 | Create | Villager (Male) |
| 4:22 | Create | Villager (Male) |
| 4:22 | Create | Villager (Male) |
| 5:10 | Create | Villager (Male) |
| 5:10 | Create | Villager (Male) |
| 5:13 | Build | Mill |
| 5:38 | Create | Villager (Male) |
| 5:38 | Create | Villager (Male) |
| 6:30 | Create | Villager (Male) |
| 6:30 | Create | Villager (Male) |
| 6:43 | Create | Villager (Male) |
| 6:43 | Create | Villager (Male) |
| 7:02 | Build | Mill |
| 7:40 | Research | Feudal Age |
| 8:00 | Build | House |
| 8:11 | Build | House |
| 8:14 | Create | Villager (Male) |
| 8:15 | Create | Villager (Male) |
| 8:47 | Build | Palisade Wall |
| 9:18 | Research | Loom |
| 9:21 | Create | Villager (Male) |
| 9:22 | Create | Villager (Male) |
| 9:22 | Create | Villager (Male) |
| 9:24 | Create | Villager (Male) |
| 9:24 | Create | Villager (Male) |
| 9:50 | Build | Barracks |
| 9:57 | Age | Feudal Age |
| 10:07 | Build | Palisade Wall |
| 10:12 | Build | Palisade Gate |
| 10:57 | Build | Stable |
| 10:59 | Create | Villager (Male) |
| 10:59 | Create | Villager (Male) |
| 11:12 | Build | Pasture |
| 11:33 | Build | Pasture |
| 11:44 | Build | Lumber Camp |
| 11:54 | Build | Palisade Wall |
| 12:03 | Build | Pasture |
| 12:09 | Create | Scout Cavalry |
| 12:09 | Create | Scout Cavalry |
| 12:09 | Create | Scout Cavalry |
| 12:10 | Create | Scout Cavalry |
| 13:01 | Build | House |
| 13:06 | Build | Pasture |
| 13:27 | Build | Pasture |
| 13:32 | Build | House |
| 13:46 | Create | Scout Cavalry |
| 13:47 | Create | Villager (Male) |
| 13:47 | Create | Villager (Male) |
| 13:47 | Create | Villager (Male) |
| 14:08 | Build | House |
| 14:10 | Build | Palisade Wall |
| 14:20 | Build | Pasture |
| 14:25 | Build | Blacksmith |
| 14:43 | Create | Villager (Male) |
| 14:43 | Create | Villager (Male) |
| 14:47 | Build | Pasture |
| 14:57 | Build | Pasture |
| 15:06 | Create | Scout Cavalry |
| 15:06 | Create | Scout Cavalry |
| 15:17 | Build | Pasture |
| 15:29 | Build | House |
| 15:55 | Build | Palisade Wall |
| 15:59 | Build | Palisade Gate |
| 16:27 | Research | Forging |
| 16:28 | Create | Villager (Male) |
| 16:29 | Create | Villager (Male) |
| 16:29 | Create | Villager (Male) |
| 16:35 | Build | Mining Camp |
| 16:41 | Build | House |
| 17:00 | Create | Scout Cavalry |
| 17:00 | Create | Scout Cavalry |
| 17:32 | Create | Villager (Male) |
| 17:32 | Create | Villager (Male) |
| 18:06 | Build | House |
| 18:12 | Build | House |
| 18:22 | Create | Villager (Male) |
| 18:24 | Create | Villager (Male) |
| 18:47 | Build | House |
| 18:59 | Build | Pasture |
| 19:08 | Research | Castle Age |
| 19:27 | Build | Stable |
| 19:30 | Research | Double-Bit Axe |
| 19:35 | Research | Tech 1014 |
| 19:39 | Build | Pasture |
| 19:46 | Create | Villager (Male) |
| 19:47 | Create | Villager (Male) |
| 20:21 | Research | Scale Barding Armor |
| 20:35 | Build | Lumber Camp |
| 21:01 | Create | Scout Cavalry |
| 21:02 | Create | Scout Cavalry |
| 21:02 | Create | Scout Cavalry |
| 21:02 | Create | Scout Cavalry |
| 21:02 | Create | Scout Cavalry |
| 21:03 | Create | Scout Cavalry |
| 21:03 | Create | Scout Cavalry |
| 21:31 | Create | Scout Cavalry |
| 21:31 | Create | Scout Cavalry |
| 21:31 | Create | Scout Cavalry |
| 21:50 | Create | Scout Cavalry |
| 21:50 | Create | Scout Cavalry |
| 22:04 | Age | Castle Age |
| 22:10 | Research | Light Cavalry (upgrade) |
| 22:19 | Build | Town Center |
| 22:38 | Research | Husbandry |
| 22:38 | Create | Scout Cavalry |
| 22:39 | Create | Scout Cavalry |
| 22:44 | Create | Villager (Male) |
| 22:45 | Create | Villager (Male) |
| 22:45 | Create | Villager (Male) |
| 22:47 | Research | Light Cavalry (upgrade) |
| 23:29 | Research | Husbandry |
| 23:30 | Create | Scout Cavalry |
| 23:30 | Create | Scout Cavalry |
| 23:31 | Create | Scout Cavalry |
| 23:36 | Create | Villager (Male) |
| 23:49 | Create | Camel Scout |
| 23:49 | Create | Camel Scout |
| 23:50 | Create | Scout Cavalry |
| 23:57 | Create | Villager (Male) |
| 23:58 | Create | Villager (Male) |
| 24:21 | Create | Scout Cavalry |
| 24:21 | Create | Camel Scout |
| 24:22 | Create | Camel Scout |
| 24:22 | Create | Scout Cavalry |
| 24:22 | Create | Scout Cavalry |
| 24:22 | Create | Camel Scout |
| 24:22 | Create | Camel Scout |
| 24:34 | Create | Villager (Male) |
| 24:34 | Create | Villager (Male) |
| 24:34 | Create | Villager (Male) |
Build order — BeardedMedusa
First 150 of 698 actions detected
| 0:01 | Create | Villager (Male) |
| 0:01 | Create | Villager (Male) |
| 0:02 | Build | House |
| 0:03 | Build | House |
| 0:09 | Create | Villager (Male) |
| 0:09 | Create | Villager (Male) |
| 1:11 | Create | Villager (Male) |
| 1:11 | Create | Villager (Male) |
| 1:11 | Create | Villager (Male) |
| 1:38 | Create | Villager (Male) |
| 1:38 | Create | Villager (Male) |
| 2:00 | Create | Villager (Male) |
| 2:00 | Create | Villager (Male) |
| 2:00 | Create | Villager (Male) |
| 2:08 | Build | Settlement |
| 2:15 | Create | Villager (Male) |
| 2:15 | Create | Villager (Male) |
| 2:15 | Create | Villager (Male) |
| 2:15 | Create | Villager (Male) |
| 2:55 | Create | Villager (Male) |
| 2:55 | Create | Villager (Male) |
| 2:55 | Create | Villager (Male) |
| 3:36 | Create | Villager (Male) |
| 3:37 | Create | Villager (Male) |
| 3:48 | Create | Villager (Male) |
| 3:57 | Build | House |
| 4:40 | Create | Villager (Male) |
| 4:41 | Create | Villager (Male) |
| 4:41 | Create | Villager (Male) |
| 4:46 | Create | Villager (Male) |
| 4:59 | Create | Villager (Male) |
| 5:45 | Create | Villager (Male) |
| 6:02 | Create | Villager (Male) |
| 6:45 | Research | Feudal Age |
| 7:25 | Build | Barracks |
| 7:36 | Create | Villager (Male) |
| 7:51 | Research | Loom |
| 7:51 | Create | Villager (Male) |
| 8:01 | Build | Palisade Wall |
| 8:55 | Age | Feudal Age |
| 8:59 | Build | Archery Range |
| 9:01 | Research | Double-Bit Axe |
| 9:04 | Create | Villager (Male) |
| 9:21 | Create | Villager (Male) |
| 9:30 | Create | Villager (Male) |
| 9:34 | Create | Spearman |
| 9:42 | Create | Archer |
| 9:58 | Build | Settlement |
| 9:59 | Create | Villager (Male) |
| 10:03 | Create | Archer |
| 10:19 | Build | Palisade Wall |
| 10:24 | Build | Palisade Wall |
| 10:28 | Create | Villager (Male) |
| 10:28 | Create | Villager (Male) |
| 10:35 | Build | House |
| 10:36 | Build | House |
| 10:38 | Create | Villager (Male) |
| 10:42 | Create | Villager (Male) |
| 10:47 | Create | Archer |
| 10:55 | Build | Palisade Gate |
| 10:56 | Create | Villager (Male) |
| 11:05 | Create | Villager (Male) |
| 11:07 | Create | Archer |
| 11:21 | Create | Villager (Male) |
| 11:55 | Build | Archery Range |
| 11:56 | Create | Archer |
| 11:57 | Create | Archer |
| 11:59 | Create | Villager (Male) |
| 12:09 | Build | Palisade Wall |
| 12:13 | Build | House |
| 12:28 | Create | Archer |
| 12:41 | Build | Settlement |
| 12:44 | Create | Villager (Male) |
| 12:55 | Create | Archer |
| 12:55 | Create | Archer |
| 13:05 | Research | Wheelbarrow |
| 13:05 | Create | Villager (Male) |
| 13:05 | Create | Villager (Male) |
| 13:21 | Build | House |
| 13:23 | Create | Archer |
| 13:23 | Create | Archer |
| 13:23 | Create | Archer |
| 13:40 | Build | Blacksmith |
| 14:06 | Create | Archer |
| 14:07 | Create | Archer |
| 14:07 | Create | Archer |
| 14:09 | Create | Villager (Male) |
| 14:10 | Create | Villager (Male) |
| 14:16 | Build | Palisade Wall |
| 14:29 | Create | Villager (Male) |
| 14:29 | Create | Villager (Male) |
| 14:38 | Research | Fletching |
| 15:02 | Build | Farm |
| 15:02 | Build | Farm |
| 15:02 | Build | Farm |
| 15:02 | Build | Farm |
| 15:03 | Build | Farm |
| 15:05 | Research | Horse Collar |
| 15:05 | Research | Horse Collar |
| 15:05 | Research | Horse Collar |
| 15:11 | Build | House |
| 15:23 | Create | Archer |
| 15:23 | Create | Archer |
| 15:40 | Create | Villager (Male) |
| 15:40 | Create | Villager (Male) |
| 15:46 | Build | House |
| 15:47 | Build | House |
| 15:54 | Build | Farm |
| 16:00 | Build | Farm |
| 16:09 | Build | Farm |
| 16:10 | Create | Villager (Male) |
| 16:10 | Create | Villager (Male) |
| 16:19 | Create | Villager (Male) |
| 16:19 | Create | Villager (Male) |
| 16:26 | Create | Villager (Male) |
| 16:26 | Create | Villager (Male) |
| 16:29 | Build | Farm |
| 16:34 | Build | Farm |
| 16:37 | Build | Farm |
| 16:37 | Build | Farm |
| 16:37 | Build | Farm |
| 16:37 | Build | Farm |
| 16:52 | Build | Farm |
| 16:53 | Build | Farm |
| 16:53 | Create | Villager (Male) |
| 17:03 | Research | Padded Archer Armor |
| 17:28 | Create | Villager (Male) |
| 17:28 | Create | Villager (Male) |
| 17:31 | Create | Archer |
| 17:31 | Create | Archer |
| 17:33 | Build | Farm |
| 17:34 | Build | Farm |
| 17:46 | Create | Villager (Male) |
| 17:47 | Create | Villager (Male) |
| 18:15 | Create | Villager (Male) |
| 18:16 | Build | Farm |
| 18:18 | Build | Farm |
| 18:25 | Create | Archer |
| 18:25 | Create | Archer |
| 18:31 | Build | House |
| 18:52 | Build | Settlement |
| 18:53 | Create | Villager (Male) |
| 19:22 | Create | Archer |
| 19:23 | Create | Archer |
| 19:35 | Research | Castle Age |
| 19:36 | Research | Castle Age |
| 19:37 | Create | Archer |
| 19:56 | Create | Villager (Male) |
| 20:08 | Build | House |
| 20:17 | Build | House |
Build order — Ry4n
First 150 of 708 actions detected
| 0:02 | Create | Villager (Male) |
| 0:02 | Create | Villager (Male) |
| 0:04 | Build | House |
| 0:05 | Build | House |
| 0:11 | Create | Villager (Male) |
| 0:21 | Create | Villager (Male) |
| 1:24 | Create | Villager (Male) |
| 1:47 | Build | Mill |
| 1:57 | Create | Villager (Male) |
| 2:22 | Create | Villager (Male) |
| 2:46 | Create | Villager (Male) |
| 2:56 | Create | Villager (Male) |
| 3:17 | Create | Villager (Male) |
| 3:27 | Build | House |
| 3:47 | Build | House |
| 3:59 | Create | Villager (Male) |
| 3:59 | Create | Villager (Male) |
| 4:22 | Create | Villager (Male) |
| 4:31 | Create | Villager (Male) |
| 4:57 | Create | Villager (Male) |
| 5:00 | Create | Villager (Male) |
| 5:22 | Create | Villager (Male) |
| 5:22 | Create | Villager (Male) |
| 5:53 | Create | Villager (Male) |
| 6:00 | Create | Villager (Male) |
| 6:20 | Create | Villager (Male) |
| 6:25 | Research | Loom |
| 6:45 | Research | Feudal Age |
| 7:42 | Build | House |
| 8:17 | Build | Barracks |
| 8:45 | Create | Villager (Male) |
| 9:16 | Create | Villager (Male) |
| 9:17 | Age | Feudal Age |
| 9:30 | Build | Stable |
| 9:39 | Create | Villager (Male) |
| 10:03 | Create | Villager (Male) |
| 10:09 | Research | Double-Bit Axe |
| 10:12 | Create | Scout Cavalry |
| 10:13 | Create | Scout Cavalry |
| 10:13 | Create | Scout Cavalry |
| 10:13 | Create | Scout Cavalry |
| 10:39 | Build | House |
| 10:48 | Build | House |
| 10:50 | Build | House |
| 10:56 | Create | Villager (Male) |
| 11:05 | Build | House |
| 11:09 | Create | Villager (Male) |
| 11:17 | Build | Farm |
| 11:49 | Build | Farm |
| 12:05 | Create | Villager (Male) |
| 12:06 | Create | Villager (Male) |
| 12:16 | Build | Farm |
| 12:17 | Create | Villager (Male) |
| 12:32 | Create | Scout Cavalry |
| 12:37 | Build | Mule Cart |
| 12:37 | Create | Villager (Male) |
| 12:52 | Create | Scout Cavalry |
| 13:02 | Build | Farm |
| 13:03 | Create | Villager (Male) |
| 13:07 | Build | Farm |
| 13:22 | Create | Villager (Male) |
| 14:02 | Create | Villager (Male) |
| 14:04 | Build | Farm |
| 14:05 | Create | Villager (Male) |
| 14:07 | Build | Mule Cart |
| 14:15 | Create | Scout Cavalry |
| 14:18 | Build | Farm |
| 14:20 | Build | Farm |
| 14:21 | Build | Farm |
| 14:36 | Create | Villager (Male) |
| 14:37 | Build | Farm |
| 14:42 | Build | Farm |
| 14:55 | Build | Farm |
| 15:07 | Research | Horse Collar |
| 15:13 | Create | Scout Cavalry |
| 15:30 | Build | Farm |
| 15:35 | Build | Farm |
| 15:44 | Create | Villager (Male) |
| 15:50 | Build | Blacksmith |
| 15:51 | Build | House |
| 15:53 | Create | Villager (Male) |
| 16:07 | Create | Villager (Male) |
| 16:24 | Build | Farm |
| 16:27 | Research | Bloodlines |
| 16:40 | Build | House |
| 16:43 | Research | Scale Barding Armor |
| 17:00 | Create | Scout Cavalry |
| 17:21 | Create | Scout Cavalry |
| 17:40 | Create | Villager (Male) |
| 17:42 | Build | Market |
| 17:43 | Build | Farm |
| 17:44 | Build | Farm |
| 17:48 | Build | Farm |
| 17:51 | Build | Farm |
| 17:51 | Build | Farm |
| 17:52 | Build | Farm |
| 17:56 | Create | Scout Cavalry |
| 18:05 | Create | Villager (Male) |
| 18:24 | Build | Farm |
| 18:33 | Build | Farm |
| 18:39 | Research | Wheelbarrow |
| 18:52 | Create | Villager (Male) |
| 18:53 | Build | House |
| 18:54 | Build | House |
| 19:05 | Research | Gold Mining |
| 19:39 | Create | Villager (Male) |
| 20:06 | Build | Stable |
| 20:33 | Research | Castle Age |
| 21:46 | Research | Forging |
| 21:46 | Research | Forging |
| 23:24 | Age | Castle Age |
| 23:28 | Create | Knight |
| 23:28 | Create | Knight |
| 23:31 | Build | Monastery |
| 23:32 | Create | Villager (Male) |
| 23:32 | Create | Villager (Male) |
| 23:35 | Build | Monastery |
| 23:39 | Create | Knight |
| 23:40 | Research | Chain Barding Armor |
| 23:42 | Create | Villager (Male) |
| 23:45 | Create | Villager (Male) |
| 23:49 | Create | Villager (Male) |
| 23:57 | Build | Town Center |
| 23:58 | Create | Monk |
| 24:08 | Create | Monk |
| 24:09 | Create | Knight |
| 24:14 | Research | Husbandry |
| 24:22 | Research | Bow Saw |
| 24:24 | Research | Heavy Plow |
| 24:25 | Create | Villager (Male) |
| 24:31 | Create | Knight |
| 24:57 | Create | Villager (Male) |
| 24:59 | Create | Knight |
| 25:00 | Create | Knight |
| 25:21 | Build | Farm |
| 25:22 | Create | Villager (Male) |
| 25:23 | Create | Villager (Male) |
| 25:27 | Create | Villager (Male) |
| 25:30 | Create | Villager (Male) |
| 25:33 | Build | Monastery |
| 25:38 | Create | Knight |
| 25:46 | Create | Knight |
| 25:46 | Create | Knight |
| 25:49 | Build | Farm |
| 25:56 | Create | Knight |
| 26:02 | Create | Villager (Male) |
| 26:03 | Create | Villager (Male) |
| 26:05 | Create | Villager (Male) |
| 26:06 | Create | Villager (Male) |
| 26:12 | Create | Villager (Male) |
Match timeline
| 3:56 | NJ · wall_segment Palisade Wall x8 |
| 5:34 | OdinsProphet · wall_segment Palisade Wall x1 |
| 5:37 | OdinsProphet · wall_segment Palisade Wall x3 |
| 5:44 | NJ · wall_segment Palisade Wall x5 |
| 6:19 | NJ · wall_segment Palisade Wall x3 |
| 6:55 | NJ · wall_segment Palisade Wall x4 |
| 7:23 | [FESEEE]_ZéGotinha · first_building Barracks |
| 7:25 | BeardedMedusa · first_building Barracks |
| 7:34 | NJ · wall_segment Palisade Wall x5 |
| 8:01 | BeardedMedusa · wall_segment Palisade Wall x1 |
| 8:17 | Ry4n · first_building Barracks |
| 8:33 | OdinsProphet · first_building Barracks |
| 8:36 | OdinsProphet · wall_segment Palisade Wall x4 |
| 8:37 | [FESEEE]_ZéGotinha · wall_segment Palisade Wall x1 |
| 8:39 | [FESEEE]_ZéGotinha · wall_segment Palisade Wall x1 |
| 8:42 | [FESEEE]_ZéGotinha · wall_segment Palisade Wall x1 |
| 8:42 | OdinsProphet · wall_segment Palisade Wall x6 |
| 8:44 | NJ · first_building Barracks |
| 8:46 | NJ · wall_segment Palisade Wall x3 |
| 8:47 | [AnnD] weaponizednostalgia · wall_segment Palisade Wall x5 |
| 8:55 | BeardedMedusa · age_up feudal |
| 8:59 | BeardedMedusa · first_building Archery Range |
| 9:03 | NJ · wall_segment Palisade Wall x3 |
| 9:17 | Ry4n · age_up feudal |
| 9:22 | NJ · age_up feudal |
| 9:30 | Ry4n · first_building Stable |
| 9:37 | OdinsProphet · wall_segment Palisade Wall x9 |
| 9:50 | [AnnD] weaponizednostalgia · first_building Barracks |
| 9:56 | OdinsProphet · age_up feudal |
| 9:57 | [AnnD] weaponizednostalgia · age_up feudal |
| 9:59 | OdinsProphet · first_building Archery Range |
| 10:07 | [AnnD] weaponizednostalgia · wall_segment Palisade Wall x3 |
| 10:19 | BeardedMedusa · wall_segment Palisade Wall x4 |
| 10:23 | NJ · first_building Archery Range |
| 10:24 | BeardedMedusa · wall_segment Palisade Wall x8 |
| 10:57 | [AnnD] weaponizednostalgia · first_building Stable |
| 11:02 | [FESEEE]_ZéGotinha · wall_segment Palisade Wall x19 |
| 11:06 | OdinsProphet · wall_segment Palisade Wall x1 |
| 11:33 | [FESEEE]_ZéGotinha · age_up feudal |
| 11:54 | [AnnD] weaponizednostalgia · wall_segment Palisade Wall x10 |
| 12:09 | BeardedMedusa · wall_segment Palisade Wall x13 |
| 12:38 | OdinsProphet · wall_segment Palisade Wall x1 |
| 12:57 | NJ · wall_segment Palisade Wall x3 |
| 13:30 | [FESEEE]_ZéGotinha · first_building Archery Range |
| 13:41 | OdinsProphet · wall_segment Palisade Wall x3 |
| 14:10 | [AnnD] weaponizednostalgia · wall_segment Palisade Wall x6 |
| 14:16 | BeardedMedusa · wall_segment Palisade Wall x6 |
| 15:55 | [AnnD] weaponizednostalgia · wall_segment Palisade Wall x8 |
| 16:50 | OdinsProphet · wall_segment Palisade Wall x1 |
| 17:49 | OdinsProphet · wall_segment Palisade Wall x1 |
| 17:54 | OdinsProphet · wall_segment Palisade Wall x6 |
| 18:30 | OdinsProphet · first_market_buy 100 food |
| 19:01 | Ry4n · first_market_buy 100 food |
| 20:18 | NJ · age_up castle |
| 20:32 | Ry4n · first_market_sell 100 wood |
| 21:16 | OdinsProphet · age_up castle |
| 21:19 | OdinsProphet · first_building Siege Workshop |
| 22:04 | [AnnD] weaponizednostalgia · age_up castle |
| 22:15 | BeardedMedusa · age_up castle |
| 22:59 | BeardedMedusa · first_market_sell 100 food |
| 23:24 | Ry4n · age_up castle |
| 23:31 | Ry4n · first_building Monastery |
| 24:02 | BeardedMedusa · wall_segment Palisade Wall x5 |
| 24:02 | [FESEEE]_ZéGotinha · age_up castle |
| 24:06 | NJ · first_building Siege Workshop |
| 24:42 | BeardedMedusa · wall_segment Palisade Wall x8 |
| 25:35 | [FESEEE]_ZéGotinha · first_market_buy 100 food |
| 26:42 | BeardedMedusa · first_building Castle |
| 28:04 | [AnnD] weaponizednostalgia · first_building Monastery |
| 29:35 | Ry4n · tribute_sent a jugador 1 |
| 29:35 | Ry4n · tribute_sent a jugador 2 |
| 29:35 | Ry4n · tribute_sent a jugador 3 |
| 29:35 | Ry4n · tribute_sent a jugador 4 |
| 29:35 | Ry4n · tribute_sent a jugador 5 |
| 29:51 | [FESEEE]_ZéGotinha · first_building Castle |
| 30:10 | OdinsProphet · first_market_sell 100 wood |
| 31:56 | NJ · first_market_sell 100 wood |
| 33:10 | NJ · first_market_buy 100 food |
| 33:20 | [FESEEE]_ZéGotinha · first_market_sell 100 food |
| 33:26 | Ry4n · first_building Castle |
| 33:56 | OdinsProphet · age_up imperial |
| 34:36 | NJ · first_building Castle |
| 35:24 | [AnnD] weaponizednostalgia · first_market_sell 100 wood |
| 35:41 | BeardedMedusa · age_up imperial |
| 36:13 | Ry4n · age_up imperial |
| 36:25 | NJ · age_up imperial |
| 36:47 | [FESEEE]_ZéGotinha · age_up imperial |
| 36:47 | [AnnD] weaponizednostalgia · wall_segment Stone Wall x24 |
| 37:00 | [AnnD] weaponizednostalgia · first_building Castle |
| 38:07 | [FESEEE]_ZéGotinha · first_building Siege Workshop |
| 39:30 | [AnnD] weaponizednostalgia · age_up imperial |
| 40:56 | OdinsProphet · first_building Castle |
| 41:09 | BeardedMedusa · first_building Siege Workshop |
| 41:54 | OdinsProphet · wall_segment Stone Wall x15 |
| 41:56 | OdinsProphet · wall_segment Stone Wall x6 |
| 43:43 | OdinsProphet · wall_segment Stone Wall x13 |
| 44:45 | OdinsProphet · wall_segment Stone Wall x1 |
| 47:36 | OdinsProphet · wall_segment Stone Wall x11 |
| 47:39 | OdinsProphet · wall_segment Stone Wall x10 |
| 49:08 | OdinsProphet · tribute_sent a jugador 2 |
| 49:08 | OdinsProphet · tribute_sent a jugador 3 |
| 49:08 | OdinsProphet · tribute_sent a jugador 4 |
| 49:08 | OdinsProphet · tribute_sent a jugador 5 |
| 49:08 | OdinsProphet · tribute_sent a jugador 6 |
| 49:47 | NJ · tribute_sent a jugador 1 |
| 49:47 | NJ · tribute_sent a jugador 3 |
| 49:47 | NJ · tribute_sent a jugador 4 |
| 49:47 | NJ · tribute_sent a jugador 5 |
| 49:47 | NJ · tribute_sent a jugador 6 |
| 50:23 | [FESEEE]_ZéGotinha · tribute_sent a jugador 1 |
| 50:23 | [FESEEE]_ZéGotinha · tribute_sent a jugador 2 |
| 50:23 | [FESEEE]_ZéGotinha · tribute_sent a jugador 3 |
| 50:23 | [FESEEE]_ZéGotinha · tribute_sent a jugador 5 |
| 50:23 | [FESEEE]_ZéGotinha · tribute_sent a jugador 6 |
| 51:15 | OdinsProphet · tribute_sent a jugador 2 |
| 51:15 | OdinsProphet · tribute_sent a jugador 3 |
| 51:15 | OdinsProphet · tribute_sent a jugador 4 |
| 51:15 | OdinsProphet · tribute_sent a jugador 5 |
| 51:15 | OdinsProphet · tribute_sent a jugador 6 |
| 52:01 | NJ · first_building Monastery |
| 53:47 | [AnnD] weaponizednostalgia · first_building Siege Workshop |
| 55:57 | OdinsProphet · tribute_sent a jugador 2 |
| 55:57 | OdinsProphet · tribute_sent a jugador 3 |
| 55:57 | OdinsProphet · tribute_sent a jugador 4 |
| 55:57 | OdinsProphet · tribute_sent a jugador 5 |
| 55:57 | OdinsProphet · tribute_sent a jugador 6 |
| 56:08 | [AnnD] weaponizednostalgia · tribute_sent a jugador 1 |
| 56:08 | [AnnD] weaponizednostalgia · tribute_sent a jugador 2 |
| 56:08 | [AnnD] weaponizednostalgia · tribute_sent a jugador 4 |
| 56:08 | [AnnD] weaponizednostalgia · tribute_sent a jugador 5 |
| 56:08 | [AnnD] weaponizednostalgia · tribute_sent a jugador 6 |
| 56:11 | Ry4n · resign |
[ AI ANALYSIS · 1 CREDIT ]
What really happened in this match?
Wolo.gg analyzes every decision: build order, eco, micro, common mistakes by bracket. Personalized analysis on WhatsApp or Discord in 30 seconds.
Civ guide
Khitans
Map guide
Oasis
Perfil
Jugador #2375782